cohdb
Replays
Latest Replays
All Replays
Popular Replays
Top Player Replays
Match Explorer
How It Works
Community
CoH3 Stats
Reddit
Sign in to upload your games and track your stats! →
Sign in with Steam
How long can 2 VPs persist?
Match 10413640
Overview
Messages
Build Orders
End
Construct Barracks
Selects Special Operations Battlegroup
Selects M29 Weasel Recon Vehicle
M29 Weasel Recon Vehicle
Riflemen Squad
Riflemen Squad
Riflemen Squad
Grenade Package
Mechanized Support Center
Construct Motor Pool
M1918 Browing Automatic Rifles
Construct Medical Station
Selects Raiding Flares
Selects SSF Commando Squad
SSF Commando Squad
Construct Motor Pool
SSF Commando Squad
Selects Air Re-supply Operation
M1 Anti-tank Gun Team
M24 Chaffee Light Tank
Riflemen Squad
M24 Chaffee Light Tank
Selects P-47 Strafing Runs
Selects M4A1 Sherman Whizbang
M1 Anti-tank Gun Team
P-47 Strafing Runs
M4A1 Sherman Whizbang
Engineer Squad
M1 Anti-tank Gun Team
Empa
Herr Blautier
0
0
Comments
sign in to comment!
No comments posted yet!